 Dungeon Crawl Stone Soup version 0.15-a0-1015-g702813b (webtiles) character file.

1185 Froboctopus the Ruinous (level 8, -1/57 HPs)
             Began as a White Draconian Conjurer on May 26, 2014.
             Was a Believer of Vehumet.
             Slain by an orc warrior
             ... wielding a +2,+0 scimitar of electrocution
              (16 damage)
             ... on Level 5 of the Dungeon.
             The game lasted 00:20:15 (4769 turns).

Froboctopus the Ruinous (White Draconian Conjurer)  Turns: 4769, Time: 00:20:15

HP  -1/57        AC 13     Str 10      XL: 8   Next: 19%
MP  16/21        EV 12     Int 18      God: Vehumet [**....]
Gold 208         SH  0     Dex 12      Spells:  3 memorised,  8 levels left

rFire  + . .     SeeInvis .     u - +1,+2 flail (protect)
rCold  + . .     Clarity  .     (armour unavailable)
rNeg   . . .     Conserve .     (no shield)
rPois  .         rCorr    .     (helmet restricted)
rElec  .         rRot     .     (no cloak)
SustAb .         Spirit   .     B - +1 pair of gloves of Dogma {rF+ Dam+4}
rMut   .         Warding  .     (no boots)
Gourm  .         Stasis   .     (no amulet)
MR     .....                    (no ring)
                                (no ring)

@: very slightly contaminated, not resistant to hostile enchantments, unstealthy
A: breathe frost, unfitting armour, cold resistance 1, cold-blooded, AC +6
a: Breathe Frost, Renounce Religion


You were on level 5 of the Dungeon.
You worshipped Vehumet.
Vehumet was pleased with you.
You were not hungry.

You visited 1 branch of the dungeon, and saw 6 of its levels.

You collected 208 gold pieces.

Inventory:

Hand weapons
 g - a +0,+1 whip of venom
 u - a +1,+2 flail of protection (weapon)
Armour
 B - the +1 pair of gloves of Dogma (worn) {rF+ Dam+4}
   (You found it on level 5 of the Dungeon)

   It affects your damage with ranged weapons and melee attacks (+4).
   It protects you from fire.
Magical devices
 p - a wand of magic darts (21)
Comestibles
 b - 4 bread rations
 n - a lemon
 t - 2 chunks of orc flesh
 A - 2 rotting chunks of orc flesh
Scrolls
 a - a scroll of magic mapping
 d - 2 scrolls of remove curse
 e - 2 scrolls of recharging
 q - a scroll of enchant weapon II
 r - 3 scrolls of fog
 y - a scroll of amnesia {unknown}
 E - a scroll of silence {unknown}
Potions
 f - 2 potions of curing
 j - a potion of flight
 l - 2 potions of might
 m - a potion of agility {unknown}
 s - a potion of brilliance {unknown}
 x - a potion of paralysis {unknown}
 z - 2 potions of restore abilities
 C - a potion of resistance {unknown}
 D - a potion of beneficial mutation {unknown}
Books
 c - a book of Conjurations

   Spells                             Type                      Level
   *Magic Dart                        Conjuration                  1
   Searing Ray                        Conjuration                  2
   Dazzling Spray                     Conjuration/Hexes            3
   Fulminant Prism                    Conjuration/Hexes            4
   *Iskenderun's Mystic Blast         Conjuration                  4
   *Iskenderun's Battlesphere         Conjuration/Charms           5
 o - a book of Battle

   Spells                             Type                      Level
   Infusion                           Charms                       1
   Shroud of Golubria                 Charms/Translocation         2
   Song of Slaying                    Charms                       2
   Spectral Weapon                    Hexes/Charms                 3
   Regeneration                       Charms/Necromancy            3
 w - a book of Wizardry

   Spells                             Type                      Level
   Agony                              Necromancy                   5
   Force Lance                        Conjuration                  5
   Dispersal                          Translocation                6
   Haste                              Charms                       6
   Invisibility                       Hexes                        6
   Spellforged Servitor               Conjuration/Summoning        7


   Skills:
 - Level 1.7 Dodging
 - Level 1.7 Stealth
 + Level 5.8 Spellcasting
 + Level 6.2 Conjurations
 * Level 5.3 Charms


You had 8 spell levels left.
You knew the following spells:

 Your Spells              Type           Power        Failure   Level  Hunger
a - Magic Dart            Conj           ####         1%          1    None
b - Iskenderun's Mystic   Conj           ####....     12%         4    ####...
c - Iskenderun's Battles  Conj/Chrm      ####....     34%         5    #####..


Dungeon Overview and Level Annotations

Branches:
Dungeon (6/15)             Temple (0/1) D:5

Altars:
Nemelex Xobeh
Vehumet
Zin

Annotations:
D:6 Eustachio


Innate Abilities, Weirdness & Mutations

You can breathe waves of freezing cold.
You can buffet flying creatures when you breathe cold.
Your icy white scales are hard (AC +6).
Your body does not fit into most forms of armour.
Your flesh is cold resistant.
Your cold-blooded metabolism reacts poorly to cold.


Message History

The puff of frost misses you.
The orc warrior hits you with a scimitar of electrocution!!
* * * LOW HITPOINT WARNING * * *
You climb upwards.
There is a stone staircase leading down here.
Read which item? (? for menu, Esc to quit)
Okay, then.
Drink which item? (? for menu, Esc to quit)
Okay, then.
Read which item? (? for menu, Esc to quit)
Okay, then.
Drink which item? (? for menu, Esc to quit)
You feel better.
The orc warrior hits you with a scimitar of electrocution!
* * * LOW HITPOINT WARNING * * *
Cast which spell? (? or * to list)
You miscast Iskenderun's Battlesphere.
You are very lightly contaminated with residual magic.
The orc warrior hits you with a scimitar of electrocution!
You die...

#.###..##.#
#.#.......########
#.#.#.............
#########
#.#.#.############
........#
#.#.#.#..........#
#######.#
#.#.#.#.########.# # #.#
#.#.#.#.########.# # #.#
#o#.#............# # #.#
#@#.##.########..# # #.#
#.....<........... # #.#
#.#.##...........# #
#.##########.##..####.....#
#
#............##..#.).......
#
###############..##########
# #............ #
#..##########
######################.#


You could see an orc warrior.

Vanquished Creatures
  An ogre (D:5)
  A phantom (D:4)
  A centaur (D:5)
  A giant frog (D:5)
  A scorpion (D:5)
  4 wights (D:5)
  A jelly (D:5)
  3 crimson imps (D:5)
  3 orc wizards
  2 worker ants (D:5)
  4 hounds
  An ogre zombie (D:5)
  3 gnolls (D:3)
  10 adders
  A shadow imp (D:5)
  An ooze (D:2)
  15 orcs
  2 giant cockroaches
  12 hobgoblins
  13 jackals
  5 ball pythons
  8 bats
  4 giant geckos
  4 giant newts
  5 goblins
  12 kobolds
  5 quokkas
  8 rats
131 creatures vanquished.

Notes
Turn   | Place    | Note
--------------------------------------------------------------
     0 | D:1      | Froboctopus, the Draconian Conjurer, began the quest for the Orb.
     0 | D:1      | Reached XP level 1. HP: 14/14 MP: 3/3
   177 | D:1      | Reached XP level 2. HP: 20/20 MP: 0/5
   891 | D:2      | Reached XP level 3. HP: 26/26 MP: 2/7
  1072 | D:2      | Found a radiant altar of Vehumet.
  1075 | D:2      | Became a worshipper of Vehumet
  1257 | D:2      | Reached XP level 4. HP: 22/33 MP: 1/10
  1354 | D:2      | Learned a level 4 spell: Iskenderun's Mystic Blast
  1539 | D:3      | Acquired Vehumet's first power
  1539 | D:3      | Offered knowledge of Sandblast by Vehumet.
  1936 | D:3      | Reached XP level 5. HP: 38/38 MP: 5/13
  1958 | D:3      | Learned a level 5 spell: Iskenderun's Battlesphere
  2211 | D:3      | Found a sparkling altar of Nemelex Xobeh.
  2211 | D:3      | Found a glowing silver altar of Zin.
  2651 | D:4      | Noticed a phantom
  2675 | D:3      | Offered knowledge of Throw Flame by Vehumet.
  2675 | D:3      | Reached skill level 5 in Conjurations
  2675 | D:3      | Reached skill level 1 in Charms
  2848 | D:4      | Killed a phantom
  2848 | D:4      | Reached XP level 6. HP: 29/45 MP: 4/16
  2943 | D:5      | Entered Level 5 of the Dungeon
  3054 | D:5      | HP: 2/45 [ogre/giant club (17)]
  3066 | D:5      | Reached skill level 5 in Spellcasting
  3255 | D:5      | Your scales start taking on an icy white colour.
  3255 | D:5      | Gained mutation: Your flesh is cold resistant. [draconian maturity]
  3255 | D:5      | Reached XP level 7. HP: 32/50 MP: 6/18
  3631 | D:5      | Got a pair of dazzling gloves
  3634 | D:5      | Identified the +1 pair of gloves of Dogma {rF+ Dam+4} (You found it on level 5 of the Dungeon)
  3992 | D:5      | Found a staircase to the Ecumenical Temple.
  4207 | D:5      | Reached skill level 6 in Conjurations
  4213 | D:5      | Reached XP level 8. HP: 54/57 MP: 1/20
  4506 | D:6      | Reached skill level 5 in Charms
  4753 | D:6      | Noticed Eustachio
  4769 | D:5      | Slain by an orc warrior

Action                   |  1- 3 |  4- 6 |  7- 9 || total
-------------------------+-------+-------+-------++-------
Melee: Unarmed           |     9 |       |       ||     9
       Whip              |    47 |    28 |       ||    75
       Flail             |       |    34 |    41 ||    75
 Cast: Magic Dart        |    71 |   109 |    74 ||   254
       Iskenderun's Myst |       |     9 |    19 ||    28
       Iskenderun's Batt |       |       |     1 ||     1
 Abil: Breathe Frost     |       |       |     3 ||     3
Evoke: Wand              |       |     1 |       ||     1
  Use: Scroll            |     1 |       |    12 ||    13
       Potion            |       |       |     1 ||     1
 Stab: Sleeping          |     1 |       |       ||     1
